 Dungeon Crawl Stone Soup version 0.27-a0-732-ga892ba84f6 (webtiles) character file.

Game seed: 14487003557030581543

5 leviel the Ducker (level 1, 0/18 HPs)
             Began as a Djinni Gladiator on Mar 24, 2021.
             Killed by Freeze
             ... invoked by an ooze
              (3 damage)
             ... on level 1 of the Dungeon.
             The game lasted 00:00:14 (49 turns).

leviel the Ducker (Djinni Gladiator)                  Turns: 49, Time: 00:00:15

Health: 0/18       AC:  4    Str: 13    XL:     1   Next: 80%
Magic:  0/0        EV: 12    Int:  9    God:
Gold:   0          SH:  0    Dex: 14    Spells: 0/0 levels left

rFire    + + .     SeeInvis .   a - +0 long sword
rCold    x . .     Faith    .   (no shield)
rNeg     . . .     Spirit   .   b - +0 leather armour
rPois    ∞         Reflect  .   c - +0 helmet
rElec    .         Harm     .   (no cloak)
rCorr    .         Rampage  .   (no gloves)
Will     .....                  (boots unavailable)
Stlth    +.........             (no amulet)
HPRegen  0.06/turn              (no ring)
MPRegen  0.00/turn              (no ring)

@: flying
A: fire resistance 2, cold vulnerability 1, float, innate caster, hp casting,
extra vitality 1
a: no special abilities


You were on level 1 of the Dungeon.
You visited 1 branch of the dungeon, and saw 1 of its levels.

Inventory:

Hand Weapons
 a - a +0 long sword (weapon)
Missiles
 d - 3 throwing nets (quivered)
Armour
 b - a +0 leather armour (worn)
 c - a +0 helmet (worn)


   Skills:
 + Level 2.0 Fighting
 + Level 3.1 Long Blades
 + Level 1.8 Throwing
 + Level 3.4 Dodging


You couldn't memorise any spells.
You didn't know any spells.
Your spell library was empty.

Dungeon Overview and Level Annotations

Branches:
Dungeon (1/15)

Altars:


Innate Abilities, Weirdness & Mutations

You are immune to poison.
Your flesh is very heat resistant. (rF++)
You are vulnerable to cold. (rC-)
You float through the air rather than walking.
You learn spells naturally, not from books.
Your magical power is your life essence.
You have superior vitality. (+4 HP)


Message History

No target in view!
No target in view!
No target in view!
No target in view!
No target in view!
No target in view!
No target in view!
An ooze comes into view.
An ooze is nearby!
The ooze quivers. 2 oozes, a giant cockroach and a hobgoblin come into view.
The hobgoblin shouts!
The ooze quivers. x2
The hobgoblin hits you.
Found a leather armour, a scroll labelled IZUS POMUCIERE and a hand axe.
You barely miss the hobgoblin. The ooze freezes you.
You are frozen.
The hobgoblin closely misses you.
You riposte.
You closely miss the hobgoblin.
The ooze jiggles.
You hit the hobgoblin.
You kill the hobgoblin!
The ooze barely misses you.
You hit the ooze but do no damage. The ooze freezes you.
You are frozen.
The ooze closely misses you.
You riposte.
You slash the ooze!
You kill the ooze!
The ooze freezes you.
You are frozen.
* * * LOW HITPOINT WARNING * * *
You reach down and open the door.
There is an open door here.
Unknown command.
You slash the ooze!
You kill the ooze!
You hit the ooze.
The ooze is moderately wounded.
The ooze freezes you.
You are frozen.
You die...

#.....#≈≈≈≈♣≈♣≈≈≈≈#
#.....######.######
###...............#
..........#######.#
..........# #...#.##
........#####......#
#####.......#......##
######.......#........
#............J@.......
#..........B.##.......
#......#..............
#####...###..........
##...#[#.....#....
##..##.##.....#....
#...#.#.......# ..#
#..##.# .......# ##
.....#†#...###.#.#


You could see an ooze and a giant cockroach.

Vanquished Creatures
  A hobgoblin (D:1)
  3 oozes (D:1)
4 creatures vanquished.

Notes
Turn   | Place    | Note
-------+----------+-------------------------------------------
     0 | D:1      | leviel the Djinni Gladiator began the quest for the Orb.
     0 | D:1      | Reached XP level 1. HP: 18/18 MP: 0/0
    49 | D:1      | Killed from afar by an ooze

Illustrated notes

Levels and vault maps discovered:
D:1:      ldierk_walled_garden, layout_basic, hex_medium, minmay_vboxes

Action                   || total
-------------------------++-------
Melee: Long sword        ||     9
Armor: Leather armour    ||     1
Dodge: Dodged            ||     5
       Rpst.: Long sword ||     3

Table legend: (Time is in decaauts)
 A = Elapsed time spent in this place.
 B = Non-inter-level travel time spent in this place.
 C = Inter-level travel time spent in this place.
 D = Time resting spent in this place.
 E = Time spent auto-exploring this place.
 F = Levels seen in this place.
 G = Mean time per level.
                   A        B        C        D        E       F      G
               +--------+--------+--------+--------+--------+-----+--------+
         Total |     51 |     51 |      0 |      0 |     21 |   1 |   51.0 |
       Dungeon |     51 |     51 |      0 |      0 |     21 |   1 |   51.0 |
               +--------+--------+--------+--------+--------+-----+--------+

Top non-repeatable levels by time:
     D:1: 51 daAuts
